 Dungeon Crawl Stone Soup version 0.19-a0-1401-g902f63d (webtiles) character file.

23 Amnesiac the Magician (level 2, -1/15 HPs)
             Began as a Deep Elf Wizard on Sept 5, 2016.
             Slain by a hobgoblin
             ... wielding a cursed -1 club
              (5 damage)
             ... on level 3 of the Dungeon.
             The game lasted 00:01:46 (609 turns).

Amnesiac the Magician (Deep Elf Wizard)              Turns: 609, Time: 00:01:46

Health: -1/15      AC:  2    Str:  3 (4)  XL:     2   Next: 75%
Magic:  2/9        EV: 12    Int: 19 (22) God:
Gold:   96         SH:  0    Dex: 11 (13) Spells: 3 memorised, 5 levels left

rFire  . . .     SeeInvis .     (no weapon)
rCold  . . .     Gourm    .     a - +0 robe
rNeg   . . .     Faith    .     (no shield)
rPois  .         Spirit   .     b - +0 hat
rElec  .         Dismiss  .     (no cloak)
rCorr  .         Reflect  .     (no gloves)
MR     .....     Harm     .     (no boots)
Stlth  ++........               (no amulet)
                                (no ring)
                                (no ring)

@: repel missiles
A: no striking features
a: no special abilities


You were on level 3 of the Dungeon.
You were not hungry.

You visited 1 branch of the dungeon, and saw 4 of its levels.

You collected 96 gold pieces.

Inventory:

Hand Weapons
 j - a +0 blowgun
Armour
 a - a +0 robe (worn)
 b - a +0 hat (worn)
Scrolls
 f - a scroll of enchant weapon {unknown}
 h - a scroll of identify {unknown}
Potions
 e - a potion of degeneration
 k - a potion of might {unknown}
Books
 c - a book of Minor Magic

   Spells                             Type                      Level
   a - Magic Dart                     Conjuration                  1
   b - Blink                          Translocation                2
   c - Call Imp                       Summoning                    2
   d - Repel Missiles                 Charms/Air                   2
   e - Slow                           Hexes                        2
   f - Conjure Flame                  Conjuration/Fire             3
   g - Mephitic Cloud                 Conjuration/Poison/Air       3
Comestibles
 d - 2 bread rations


   Skills:
 - Level 2.4 Dodging
 - Level 2.4 Stealth
 - Level 4.5 Spellcasting
 + Level 2.9 Conjurations
   Level 1.1 Summonings
 - Level 1.1 Translocations


You had 5 spell levels left.
You knew the following spells:

 Your Spells              Type           Power        Failure   Level  Hunger
a - Repel Missiles        Chrm/Air       #.....       21%         2    #......
b - Blink                 Tloc           N/A          14%         2    #......
z - Magic Dart            Conj           ###.         4%          1    None


Dungeon Overview and Level Annotations

Branches:
Dungeon (4/15)
 Temple: D:4-7

Altars:
Ashenzari


Message History

There was something very wrong with that liquid.
You feel weakened.
You feel dopey.
You feel clumsy.
The kobold shouts!
You hear a bark!
The hobgoblin shouts!
You hear a shout! x3
The water moccasin skeleton bites you. The bat hits you.
* * * LOW HITPOINT WARNING * * *
Unknown command.
As you read the scroll labeled UJOKHL POFOXUE, it crumbles to dust.
You feel blessed for a moment.
It was a scroll of remove curse.
The bat hits you.
* * * LOW HITPOINT WARNING * * *
The water moccasin skeleton bites you but does no damage.
A jackal comes into view.
It was a potion of curing.
You feel better.
The teleport trap disappears.
The bat disappears!
The water moccasin skeleton barely misses you.
The kobold hits you with a dagger. The hobgoblin barely misses you.
The water moccasin skeleton bites you.
* * * LOW HITPOINT WARNING * * *
The hobgoblin hits you with a club.
You die...

.#.######.#
.(......#.#
#......#.#
#####...)#.#
#....(.....#
#S###)...###
#.####Z###....#
#.....K.##....#
#....wg@#######
#......hb#
.........#
#o...##.##
..... #.. .....
#.. ## .. ..


You could see an adder, a dart slug, an orc (wandering), a jackal, a hobgoblin,
a bat, a kobold and a water moccasin skeleton.

Vanquished Creatures
  An adder (D:4)
  An orc (D:4)
  A ball python (D:3)
  A giant cockroach (D:4)
  A goblin (D:3)
  A hobgoblin (D:1)
  2 jackals (D:3)
  2 bats
  2 kobolds
  A rat (D:3)
13 creatures vanquished.

Notes
Turn   | Place    | Note
-------+----------+-------------------------------------------
     0 | D:1      | Amnesiac the Deep Elf Wizard began the quest for the Orb.
     0 | D:1      | Reached XP level 1. HP: 10/10 MP: 7/7
   303 | D:3      | Found a shattered altar of Ashenzari.
   416 | D:4      | Reached XP level 2. HP: 15/15 MP: 4/9
   461 | D:4      | Learned a level 2 spell: Repel Missiles
   464 | D:4      | Learned a level 2 spell: Blink
   609 | D:3      | Slain by a hobgoblin

Vault maps used:
D:1:      lightli_arrival_statuegarden
D:3:      ashenzari_conservatory_becter, ecumenical_altar_1, first_bread,
          uniq_grinder, uniq_natasha

Skill      XL: |  1 |
---------------+----+-----
Conjurations   | 2 |  2.9
Dodging        | |  2.4
Stealth        | |  2.4
Spellcasting   | |  4.5
Summonings     | |  1.1
Translocations | |  1.1

Action                   || total
-------------------------++-------
 Cast: Magic Dart        ||    33
       Repel Missiles    ||     1
  Use: Potion            ||     2
       Scroll            ||     1
Armor: Robe              ||     2
Dodge: Dodged            ||    11
